 Dungeon Crawl Stone Soup version 0.30.0-20-g3615ddf2f0 (webtiles) character file.

Game seed: 18387624959118759672

482 qw the Chopper (level 7, -3/43 HPs)
             Began as a Gargoyle Fighter on May 27, 2023.
             Killed by nerve-wracking pain
             ... invoked by an orc priest
              (6 damage)
             ... on level 4 of the Dungeon.
             The game lasted 00:01:36 (2529 turns).

qw the Chopper (Gargoyle Fighter)                   Turns: 2529, Time: 00:01:37

Health: -3/43      AC: 13    Str: 21    XL:     7   Next: 12%
Magic:  0/7        EV:  8    Int:  9    God:
Gold:   170        SH:  4    Dex:  9    Spells: 6/6 levels left

rFire   . . .        Y - +1 war axe
rCold   . . .        c - +0 buckler
rNeg    + . .        h - +0 chain mail
rPois   inf          (no helmet)
rElec   +            (no cloak)
rCorr   .            (no gloves)
SInv    .            (no boots)
Will    .....        e - amulet of guardian spirit Stlth
                     (no ring)
HPRegen 0.27/turn    (no ring)
MPRegen 0.10/turn

%: guardian spirit
@: no status effects
A: sickness immunity, AC +4, negative energy resistance 1, electricity
resistance, torment resistance 1, petrification resistance
a: no special abilities


You were on level 4 of the Dungeon.
You visited 1 branch of the dungeon, and saw 4 of its levels.

You collected 170 gold pieces.


Innate Abilities, Weirdness & Mutations

You are immune to sickness and miasma.
Your stone body is resilient. (AC +4)
You are immune to poison.
You resist negative energy. (rN+)
You are resistant to electric shocks. (rElec)
You are resistant to unholy torment.
You are immune to petrification.


   Skills:
 - Level 4.2 Fighting
 + Level 6.1 Axes
 - Level 3.2 Armour
 - Level 1.3 Dodging
 - Level 3.2 Shields


You had 6 spell levels left.
You didn't know any spells.
Your spell library was empty.

Inventory:

Hand Weapons
 b - a +0 whip
 Y - a +1 war axe (weapon)
Armour
 c - a +0 buckler (worn)
 h - a +0 chain mail (worn)
 l - a +0 cloak
Jewellery
 e - an amulet of guardian spirit (around neck)
Wands
 g - a wand of digging (7)
Scrolls
 k - a scroll of identify
Potions
 a - 2 potions of lignification
 d - a potion of might
 f - a potion of attraction
 j - a potion of curing {unknown}
 m - a potion of invisibility {unknown}
 n - a potion of mutation {unknown}

Dungeon Overview and Level Annotations

Branches:
Dungeon (4/15)
 Temple: D:4-7

Altars:
Uskayaw
The Shining One

Annotations:
D:4 Menkaure


Message History

The orc priest begins to cast a cantrip, but forgets the words!
The orc wizard casts a spell at you.
You are more confused.
The orc priest hits you but does no damage.
The orc wizard barely misses you.
The orc priest miscasts a cantrip.
The orc wizard barely misses you.
The orc priest hits you with a +0 hand axe.
The orc wizard gestures at you while chanting.
The puff of flame hits you! The orc priest barely misses you.
You hear the rusting of a distant drain.
The orc wizard casts a spell at you.
The magic dart hits you but does no damage.
The orc priest hits you but does no damage.
The orc wizard hits you but does no damage.
The orc priest closely misses you.
The orc priest calls down the wrath of Beogh upon you.
You struggle to resist.
The orc wizard hits you but does no damage.
The orc wizard closely misses you.
The orc priest hits you with a +0 hand axe.
You feel less confused.
The orc wizard gestures at you while chanting.
You resist with some effort.
The orc priest mumbles some strange prayers to Beogh against you.
Beogh smites you!
You hit the orc priest but do no damage.
The orc priest is severely wounded.
You hit the orc wizard. You block the orc wizard's attack.
The orc priest barely misses you.
You closely miss the orc priest.
The orc priest is severely wounded.
You hit the orc wizard.
The orc wizard casts a spell.
The orc wizard flickers and vanishes!
Deactivating autopickup; reactivate with Ctrl-A.
The orc priest hits you with a +0 hand axe.
The orc priest invokes the aid of Beogh against you.
Pain shoots through your body!
You die...

#.## ##)....###.......#
#...##..###<.####......
####....##
##...##)...##
#.......## ###)##.:...#
#..>.....## #%###.##..
..........# #.....###.
..........# ####..# #.
..........##### ##..##.
.......@)...... #.....
>.....)o{...... .......
.........###### ##.###.
........## ...###.
#####.... ##..... #....
#.###. #.... #....<
#..... #####. #.


You could see an orc priest.

Vanquished Creatures
  Sigmund (D:2)
  A scorpion (D:4)
  An orc priest (D:4)
  Natasha (thrice) (D:2)
  An orc wizard (D:4)
  6 adders
  2 dart slugs (D:1)
  6 orcs
  6 endoplasms
  2 giant cockroaches
  5 goblins
  8 hobgoblins
  4 kobolds
  3 quokkas
  6 ball pythons
  7 bats
  3 frilled lizards
  5 rats
70 creatures vanquished.

Notes
Turn   | Place    | Note
-------+----------+-------------------------------------------
     0 | D:1      | qw the Gargoyle Fighter began the quest for the Orb.
     0 | D:1      | Reached XP level 1. HP: 14/14 MP: 1/1
     0 | D:1      | 0 ||| qw: Version: 0.2-a-99-gce666ed
     0 | D:1      | 0 ||| qw: Game counter: 155
     0 | D:1      | 0 ||| qw: Always use a shield: true
     0 | D:1      | 0 ||| qw: God list: Okawaru
     0 | D:1      | 0 ||| qw: Allow faded altars: false
     0 | D:1      | 0 ||| qw: Do Orc after D:15 true
     0 | D:1      | 0 ||| qw: Do second Lair branch before Depths: true
     0 | D:1      | 0 ||| qw: Lair rune preference: random
     0 | D:1      | 0 ||| qw: Plans: Normal, Zot:1-4, God:TSO, Crypt, Tomb,
                  | Pan, Slime:5, Hells, Abyss, Win
     0 | D:1      | 0 ||| PLANNING D:1-11
    62 | D:1      | Reached skill level 2 in Axes
   116 | D:1      | Reached XP level 2. HP: 14/19 MP: 2/2
   299 | D:1      | Found a faded altar of an unknown god.
   391 | D:1      | 391 ||| Stepping ~*~*~tactically~*~*~ (hiding).
   403 | D:1      | Reached skill level 3 in Axes
   540 | D:1      | Reached XP level 3. HP: 23/23 MP: 3/3
   697 | D:1      | 697 ||| UPGRADING to +0 chain mail.
   707 | D:1      | 707 ||| DROPPING +0 scale mail.
   708 | D:1      | 708 ||| READING scroll labelled PUEBBI XIE.
   840 | D:2      | 840 ||| DROPPING +0 club.
   876 | D:2      | Found a hide-covered altar of Uskayaw.
   980 | D:2      | Noticed Natasha
   989 | D:2      | Killed Natasha
   990 | D:2      | Reached XP level 4. HP: 11/28 MP: 4/4
  1102 | D:2      | Noticed Sigmund
  1103 | D:2      | 1103 ||| Stepping ~*~*~tactically~*~*~ (hiding).
  1129 | D:2      | HP: 4/28 [Sigmund/magic dart (5)]
  1130 | D:2      | Killed Sigmund
  1131 | D:2      | Reached skill level 5 in Axes
  1131 | D:2      | Reached XP level 5. HP: 4/32 MP: 5/5
  1274 | D:2      | Reached XP level 6. HP: 35/37 MP: 6/6
  1324 | D:2      | Noticed Natasha
  1334 | D:2      | Killed Natasha
  1495 | D:2      | 1495 ||| Stepping ~*~*~tactically~*~*~ (stealth).
  1637 | D:2      | 1637 ||| UPGRADING to amulet of guardian spirit.
  1642 | D:2      | 1642 ||| READING scroll labelled VUUNTO REONUSK.
  1645 | D:2      | 1645 ||| DRINKING 3 bubbling green potions.
  1688 | D:2      | Noticed Natasha
  1705 | D:2      | Killed Natasha
  2082 | D:3      | Found a glowing golden altar of the Shining One.
  2324 | D:3      | 2324 ||| READING 2 scrolls labelled KESSIPT YLUD.
  2325 | D:3      | 2325 ||| READING scroll labelled AVO GASYN XAS.
  2326 | D:3      | 2326 ||| DRINKING 2 golden potions.
  2327 | D:3      | 2327 ||| DRINKING 2 brown potions.
  2336 | D:4      | 2336 ||| PLANNING SEWER
  2418 | D:4      | Reached skill level 6 in Axes
  2421 | D:4      | 2421 ||| Stepping ~*~*~tactically~*~*~ (hiding).
  2422 | D:4      | 2422 ||| Stepping ~*~*~tactically~*~*~ (hiding).
  2445 | D:4      | Reached XP level 7. HP: 35/43 MP: 5/7
  2488 | D:4      | Noticed Menkaure
  2489 | D:4      | 2489 ||| Stepping ~*~*~tactically~*~*~ (stealth).
  2512 | D:4      | HP: 6/43 [orc priest/divine providence (6)]
  2513 | D:4      | Reached skill level 1 in Dodging
  2513 | D:4      | 2513 ||| DRINKING potion of heal wounds.
  2527 | D:4      | HP: 5/43 [orc priest/divine providence (14)]
  2529 | D:4      | Killed from afar by an orc priest

Levels and vault maps discovered:
D:1:      matt_arrival_refuge, layout_basic, chequers_ecumenical_altar_island,
          roderic_lattice_a
D:2:      layout_basic, basic_altar, mrwooster_statue_mirror, uniq_sigmund,
          uniq_natasha
D:3:      layout_rooms, mainiacjoe_overflow_catwalk, minmay_statues_item,
          small_statue_intersection
D:4:      layout_rooms, nicolae_ru_the_path_less_chosen, gup_sewer_entry_spiral,
          uniq_robin, uniq_menkaure, uniq_pargi

Skill      XL: |  1  2  3  4  5  6  7 |
---------------+----------------------+-----
Axes           | 2 3 5 6 |  6.1
Fighting       | 4 |  4.2
Dodging        | 1 |  1.3
Armour         | |  3.2
Shields        | |  3.2

Action                     |  1- 3 |  4- 6 |  7- 9 || total
---------------------------+-------+-------+-------++-------
  Melee: War axe           |    94 |   160 |    16 ||   270
    Use: Scroll            |     1 |     3 |       ||     4
         Potion            |       |     3 |     1 ||     4
 Armour: Scale mail        |    30 |       |       ||    30
         Chain mail        |    21 |   103 |    20 ||   144
  Dodge: Dodged            |    26 |    43 |    11 ||    80
  Block: Buckler           |    15 |    32 |     4 ||    51

Table legend:
 A = Non-vault XP
 B = Vault XP
 C = Vault XP percentage of total XP
 D = Non-vault monster count
 E = Vault monster count
 F = Vault count percentage of total count
                 A         B        C        D         E       F
            +---------+---------+-------+---------+---------+-------
      Total |     428 |     261 |  37.9 |      68 |       2 |   2.9
            +---------+---------+-------+---------+---------+-------
        D:1 |      35 |       0 |   0.0 |      18 |       0 |   0.0
        D:2 |     120 |     261 |  68.5 |      23 |       2 |   8.0
        D:3 |      66 |       0 |   0.0 |      17 |       0 |   0.0
        D:4 |     207 |       0 |   0.0 |      10 |       0 |   0.0
            +---------+---------+-------+---------+---------+-------
